 Dungeon Crawl Stone Soup version 0.31-a0-218-g813d01f837 (webtiles) character file.

Game seed: 9827909492195703712

70 qw the Shooter (level 4, -2/36 HPs)
             Began as a Minotaur Hexslinger on July 3, 2023.
             Succumbed to a goblin's poison
             ... on level 2 of the Dungeon.
             The game lasted 00:00:36 (1120 turns).

qw the Shooter (Minotaur Hexslinger)                Turns: 1120, Time: 00:00:37

Health: -2/36      AC:  6    Str:  9 (12) XL:     4   Next: 4%
Magic:  4/4        EV: 10    Int:  8 (10) God:
Gold:   75         SH:  0    Dex: 14 (15) Spells: 4/5 levels left

rFire   . . .        Y - +1 sling
rCold   . . .        (no shield)
rNeg    . . .        l - +0 ring mail
rPois   .            (helmet restricted)
rElec   .            (no cloak)
rCorr   .            i - +0 pair of gloves
SInv    .            (no boots)
Will    +....        o - amulet of the acrobat
Stlth   +            n - ring of willpower
HPRegen 0.26/turn    (no ring)
MPRegen 0.09/turn

%: acrobat
@: lethally poisoned (-2 -> -27), about to teleport
A: horns 2, retaliatory headbutt
a: no special abilities


You were on level 2 of the Dungeon.
You visited 1 branch of the dungeon, and saw 2 of its levels.

You collected 75 gold pieces.


Innate Abilities, Weirdness & Mutations

You have a pair of horns on your head.
You reflexively headbutt those who attack you in melee.


   Skills:
 - Level 2.0 Fighting
 + Level 4.3 Ranged Weapons
 - Level 1.0 Armour
 - Level 2.1 Dodging
 - Level 1.0 Spellcasting
 - Level 2.0 Hexes


You had 4 spell levels left.
You knew the following spells:

 Your Spells              Type           Power      Damage    Failure   Level
a - Slow                  Hex            12%        N/A       43%         1

Your spell library contained the following spells:

 Spells                   Type           Power      Damage    Failure   Level
 Inner Flame              Hex/Fire       2%         N/A       91%         3
 Portal Projectile        Hex/Tloc       4%         N/A       91%         3
 Cause Fear               Hex            1%         N/A       99%         4

Inventory:

Hand Weapons
 Y - a +1 sling (weapon)
Armour
 i - a +0 pair of gloves (worn)
 l - a +0 ring mail (worn)
Jewellery
 a - a ring of resist corrosion
 n - a ring of willpower (left hand)
 o - an amulet of the acrobat (around neck)
Scrolls
 h - 2 scrolls of teleportation
Potions
 f - a potion of might {unknown}
 g - 2 potions of attraction {unknown}
 j - a potion of haste {unknown}
 k - a potion of brilliance {unknown}
 m - a potion of curing {unknown}

Dungeon Overview and Level Annotations

Branches:
Dungeon (2/15)

Altars:


Message History

You shoot a sling bullet.
The sling bullet closely misses the goblin.
The goblin barely misses you.
The hobgoblin hits you but does no damage.
The hobgoblin hits you. The goblin hits you but does no damage.
You shoot a sling bullet.
The sling bullet closely misses the goblin.
The goblin hits you but does no damage.
The hobgoblin hits you but does no damage.
You shoot a sling bullet. The sling bullet hits the goblin.
You kill the goblin!
The hobgoblin hits you.
You shoot a sling bullet. The sling bullet hits the goblin!
You kill the goblin!
The hobgoblin hits you but does no damage.
The hobgoblin hits you.
The goblin hits you with a +0 dagger of venom.
You are poisoned.
You shoot a sling bullet.
The sling bullet hits the goblin but does no damage.
You feel very sick. The hobgoblin barely misses you.
The goblin hits you but does no damage.
You are more poisoned.
You shoot a sling bullet.
The sling bullet hits the goblin but does no damage.
You feel very sick. The hobgoblin closely misses you.
The goblin closely misses you. The goblin hits you but does no damage.
You are lethally poisoned!
The hobgoblin hits you.
You shoot a sling bullet.
The sling bullet closely misses the goblin.
You feel very sick.
The hobgoblin hits you but does no damage.
The goblin hits you with a +0 dagger of venom.
You are more poisoned.
1120 ||| READING 3 scrolls of teleportation.
As you read the scroll of teleportation, it crumbles to dust.
You feel strangely unstable.
You die...

#.#.##.##. #
#####.#......... # ####
#......#.#..#..###. #
...###.###.%...........
####
........[.....>....... .
#...
...###.##.#...#.#...##..
#..# ..##
#.##.#............. #...
### #.......####g......
#..# ####.##....@gg.....
#..# #.......#####8)....
####... ######.##.##.#
..... #......
....##)##.##.# .[..
#.##...
....##.##..#.##### ...
##.##...
....##.###.#.#...# ..
#..##...
.................# .
#..###..
....###.##.#.#...#
#..###.. ....#
#.##.#.##### #.......


You could see a hobgoblin and 2 goblins.

Vanquished Creatures
  An adder (D:2)
  A worm (D:2)
  4 ball pythons (D:1)
  9 bats
  5 endoplasms
  3 giant cockroaches
  6 goblins
  4 hobgoblins
  6 jackals (D:1)
  4 quokkas
  2 frilled lizards (D:1)
  A kobold (D:1)
  4 rats
50 creatures vanquished.

Notes
Turn   | Place    | Note
-------+----------+-------------------------------------------
     0 | D:1      | qw the Minotaur Hexslinger began the quest for the Orb.
     0 | D:1      | Reached XP level 1. HP: 16/16 MP: 1/1
     0 | D:1      | 0 ||| qw: Version: 0.3-a-40-ge99b1a8
     0 | D:1      | 0 ||| qw: Game counter: 314
     0 | D:1      | 0 ||| qw: Melee chars always use a shield: true
     0 | D:1      | 0 ||| qw: God list: Okawaru
     0 | D:1      | 0 ||| qw: Allow faded altars: false
     0 | D:1      | 0 ||| qw: Do Orc after clearing Dungeon:15 true
     0 | D:1      | 0 ||| qw: Do second Lair branch before Depths: true
     0 | D:1      | 0 ||| qw: Lair rune preference: random
     0 | D:1      | 0 ||| qw: Goals: Normal
     0 | D:1      | 0 ||| PLANNING D:1-11
     3 | D:1      | Noticed a merfolk zombie
     8 | D:1      | Noticed a naga
    13 | D:1      | Noticed a draconian
    15 | D:1      | Noticed a demonspawn
    15 | D:1      | Noticed a minotaur skeleton
    15 | D:1      | Noticed a gargoyle
    17 | D:1      | Noticed a vampire
    87 | D:1      | Reached skill level 3 in Ranged Weapons
   121 | D:1      | Reached XP level 2. HP: 20/23 MP: 2/2
   400 | D:1      | Reached XP level 3. HP: 28/29 MP: 3/3
   607 | D:1      | 607 ||| UPGRADING to +0 pair of gloves.
   612 | D:1      | 612 ||| UPGRADING to +0 ring mail.
   622 | D:1      | 622 ||| DROPPING +0 robe.
   623 | D:1      | 623 ||| UPGRADING to amulet of the acrobat.
   628 | D:1      | 628 ||| UPGRADING to ring of willpower.
   629 | D:1      | 629 ||| READING 2 scrolls labelled MENEGHIENG.
   630 | D:1      | 630 ||| READING 4 scrolls labelled YSUNNU ZIESH.
   634 | D:1      | 634 ||| DROPPING scroll of amnesia.
   635 | D:1      | 635 ||| DROPPING scroll of poison.
   722 | D:2      | Reached skill level 4 in Ranged Weapons
   742 | D:2      | Found a faded altar of an unknown god.
   914 | D:2      | 914 ||| DRINKING 2 yellow potions.
   915 | D:2      | 915 ||| DROPPING potion of degeneration.
   955 | D:2      | Reached skill level 1 in Armour
  1107 | D:2      | Reached XP level 4. HP: 36/36 MP: 4/4
  1109 | D:2      | Identified the +7 chain mail of the Crushed Dances {Str+3}
  1119 | D:2      | HP: 7/36 [poisoned by a goblin]
  1120 | D:2      | 1120 ||| READING 3 scrolls of teleportation.
  1120 | D:2      | Succumbed to a goblin's poison

Levels and vault maps discovered:
D:1:      shiori_arrival_whats_in_store_for_you, layout_rooms,
          hangedman_abyss_or_decor_stabs, minmay_quantized
D:2:      kennysheep_the_goblin_king, layout_loops_cross,
          shapermc_ecumenical_altar_acropolis

Skill      XL: |  1  2  3 |
---------------+----------+-----
Ranged Weapons | 3 4 |  4.3
Fighting       | 2 |  2.0
Armour         | 1 |  1.0
Dodging        | |  2.1
Spellcasting   | |  1.0
Hexes          | |  2.0

Action                     |  1- 3 |  4- 6 || total
---------------------------+-------+-------++-------
   Fire: Sling             |   140 |    12 ||   152
    Use: Scroll            |     2 |     1 ||     3
         Potion            |     1 |       ||     1
 Armour: Robe              |    16 |       ||    16
         Ring mail         |     7 |    10 ||    17
  Dodge: Dodged            |    62 |     7 ||    69

Table legend:
 A = Non-vault XP
 B = Vault XP
 C = Vault XP percentage of total XP
 D = Non-vault monster count
 E = Vault monster count
 F = Vault count percentage of total count
                 A         B        C        D         E       F
            +---------+---------+-------+---------+---------+-------
      Total |      87 |      14 |  13.9 |      42 |       8 |  16.0
            +---------+---------+-------+---------+---------+-------
        D:1 |      52 |       7 |  11.9 |      31 |       4 |  11.4
        D:2 |      35 |       7 |  16.7 |      11 |       4 |  26.7
            +---------+---------+-------+---------+---------+-------
